 Dungeon Crawl Stone Soup version 0.29.0-4-gdea44cf6ec (webtiles) character file.

Game seed: 6562710942013331516

287 qw the Chopper (level 6, -1/35 HPs)
             Began as a Tengu Warper on Aug 29, 2022.
             Killed by divine providence
             ... invoked by an orc priest
              (13 damage)
             ... on level 4 of the Dungeon.
             The game lasted 00:01:18 (4050 turns).

qw the Chopper (Tengu Warper)                       Turns: 4050, Time: 00:01:18

Health: -1/35      AC: 12    Str: 14    XL:     6   Next: 30%
Magic:  10/10      EV:  4    Int: 13    God:
Gold:   237        SH:  4    Dex: 13    Spells: 9/9 levels left

rFire   . . .      SeeInvis .   Y - +3 hand axe
rCold   + . .      Faith    .   g - +0 buckler
rNeg    . . .      Spirit   .   i - +0 plate armour
rPois   .          Reflect  .   (helmet restricted)
rElec   .          Harm     .   (no cloak)
rCorr   .          Rampage  .   n - +0 pair of gloves
Will    .....                   (boots unavailable)
Stlth   ..........              (no amulet)
HPRegen 0.11/turn               j - ring of protection from cold
MPRegen 0.12/turn               (no ring)

@: flying quickly and evasively, quick
A: beak, talons 3, nimble flight, deterioration 1
a: no special abilities


You were on level 4 of the Dungeon.
You visited 1 branch of the dungeon, and saw 4 of its levels.

You collected 237 gold pieces.


Innate Abilities, Weirdness & Mutations

You have a beak for a mouth.
You have claws for feet.
Your magical nature lets you fly swiftly and evasively.
Your body sometimes deteriorates upon taking damage.


   Skills:
 - Level 2.0 Fighting
 - Level 6.5 Axes
 - Level 1.0 Throwing
 + Level 2.0 Armour
 - Level 2.1 Dodging
 - Level 1.3 Shields
 - Level 2.0 Spellcasting
 - Level 2.4 Translocations


You had 9 spell levels left.
You didn't know any spells.
Your spell library contained the following spells:

 Spells                   Type           Power      Damage    Failure   Level
 Blink                    Tloc           14%        N/A       100%        2
 Gell's Gravitas          Tloc           7%         N/A       100%        3
 Lesser Beckoning         Tloc           7%         N/A       100%        3
 Teleport Other           Tloc           7%         N/A       100%        3
 Manifold Assault         Tloc           7%         N/A       100%        5

Inventory:

Hand Weapons
 b - a +0 flail
 Y - a +3 hand axe (weapon)
Armour
 g - a +0 buckler (worn)
 i - a +0 plate armour (worn)
 n - a +0 pair of gloves (worn)
Jewellery
 j - a ring of protection from cold (left hand)
Scrolls
 a - 2 scrolls of identify
 l - a scroll of teleportation
Potions
 c - a potion of lignification {unknown}
 d - a potion of curing {unknown}
 e - a potion of might {unknown}
 f - 2 potions of mutation
 h - a potion of degeneration {unknown}
 k - a potion of cancellation {unknown}
 m - a potion of brilliance {unknown}
 o - a potion of heal wounds {unknown}

Dungeon Overview and Level Annotations

Branches:
Dungeon (4/15)
 Temple: D:4-7

Altars:

Annotations:
D:2 1 runed translucent door, Crazy Yiuf


Message History

You hit the ogre. Your kick misses the ogre.
The ogre is lightly wounded.
You block the ogre's attack.
You barely miss the ogre. You slash the ogre!
The ogre is moderately wounded.
You block the ogre's attack.
You hit the ogre. Your kick misses the ogre.
The ogre is heavily wounded.
The ogre hits you with a +0 giant spiked club!
You hit the ogre but do no damage. You claw the ogre!
The ogre is severely wounded.
You hit the ogre. You claw the ogre.
The ogre is almost dead.
The ogre hits you with a +0 giant spiked club!
Your body deteriorates!
You feel weakened.
You slash the ogre!
You kill the ogre!
You feel your strength returning.
Your Axes skill increases to level 6!
You have reached level 6!
You start resting.
An endoplasm is nearby!
4032 ||| FLEEEEING.
An orc priest comes into view. It is wielding a +0 hand axe.
4038 ||| Stepping ~*~*~tactically~*~*~ (hiding).
You start resting.
An orc priest is nearby!
You closely miss the orc priest. Your peck misses the orc priest.
The orc priest hits you but does no damage.
You closely miss the orc priest. Your peck misses the orc priest.
The orc priest hits you with a +0 hand axe.
You closely miss the orc priest. You claw the orc priest.
You peck the orc priest.
The orc priest is moderately wounded.
The orc priest hits you but does no damage.
You hit the orc priest.
The orc priest is severely wounded.
The orc priest invokes the aid of Beogh against you.
Beogh smites you!
You die...

## #.......##...##....##########
.# ##......##'####....##.......#
.### #..................###......
...###...............###...###...
##..#####...##....###...).....###
##..####...##.###...###...###...
#....#....###.........###......
#....#.###...###...###...###..J
#....##.......@o###....>....###
#....#.###...###...###...###..
#...#.....###.........###.....
##.##......#.###...###...###..
#+##.....#.....###.........#
......#......#.###...###.#
##.....#.....#.....###...#
.###.#o.....#.....)# ...# .
###.....#.....#.. ..#


You could see an orc priest.

Vanquished Creatures
  An ogre (D:4)
  A jelly (D:4)
  Jessica (D:2)
  Natasha (twice) (D:3)
  4 adders
  A worm (D:2)
  2 dart slugs
  An orc (D:3)
  3 bats
  3 endoplasms
  9 goblins
  6 hobgoblins
  A quokka (D:3)
  5 ball pythons
  A frilled lizard (D:1)
  8 kobolds
  7 rats
56 creatures vanquished.

Vanquished Creatures (others)
  11 plants (D:4)
11 creatures vanquished.

Grand Total: 67 creatures vanquished

Notes
Turn   | Place    | Note
-------+----------+-------------------------------------------
     0 | D:1      | qw the Tengu Warper began the quest for the Orb.
     0 | D:1      | Reached XP level 1. HP: 12/12 MP: 4/4
     0 | D:1      | 0 ||| qw: Version: 0.1-a-89-g26bdef1
     0 | D:1      | 0 ||| qw: Game counter: 3542
     0 | D:1      | 0 ||| qw: Always use a shield: true
     0 | D:1      | 0 ||| qw: God list: Okawaru
     0 | D:1      | 0 ||| qw: Allow faded altars: false
     0 | D:1      | 0 ||| qw: Do Orc after D:15 true
     0 | D:1      | 0 ||| qw: Do second Lair branch before Depths: true
     0 | D:1      | 0 ||| qw: Lair rune preference: random
     0 | D:1      | 0 ||| qw: Plans: Normal
     0 | D:1      | 0 ||| PLANNING D:1-11
    18 | D:1      | Found a faded altar of an unknown god.
    98 | D:1      | 98 ||| DROPPING +0 club.
   339 | D:1      | Reached skill level 3 in Axes
   339 | D:1      | Reached XP level 2. HP: 17/17 MP: 6/6
   451 | D:1      | 451 ||| Stepping ~*~*~tactically~*~*~ (stealth).
  1351 | D:1      | 1351 ||| UPGRADING to +0 ring mail.
  1361 | D:1      | 1361 ||| DROPPING +0 leather armour.
  1362 | D:1      | 1362 ||| UPGRADING to +0 scale mail.
  1372 | D:1      | 1372 ||| DROPPING +0 ring mail.
  1373 | D:1      | 1373 ||| DROPPING amulet of faith.
  1374 | D:1      | 1374 ||| UPGRADING to ring of protection from cold.
  1375 | D:1      | 1375 ||| DROPPING +6 ring of intelligence.
  1376 | D:1      | 1376 ||| READING scroll labelled SOF SISTRAUST.
  1377 | D:1      | 1377 ||| READING scroll labelled ROETIM DIUGU.
  1378 | D:1      | 1378 ||| DROPPING scroll of blinking.
  1485 | D:2      | 1485 ||| Stepping ~*~*~tactically~*~*~ (stealth).
  1515 | D:2      | Reached XP level 3. HP: 10/21 MP: 7/7
  1683 | D:2      | Noticed Jessica
  1684 | D:2      | 1684 ||| Stepping ~*~*~tactically~*~*~ (hiding).
  1690 | D:2      | Killed Jessica
  1691 | D:2      | Reached skill level 4 in Axes
  1949 | D:2      | Reached XP level 4. HP: 17/26 MP: 8/8
  2152 | D:2      | 2152 ||| Stepping ~*~*~tactically~*~*~ (hiding).
  2496 | D:2      | Found a runed translucent door.
  2497 | D:2      | Noticed Crazy Yiuf
  2784 | D:2      | 2784 ||| UPGRADING to +0 plate armour.
  2794 | D:2      | 2794 ||| DROPPING +0 scale mail.
  2795 | D:2      | 2795 ||| UPGRADING to +0 pair of gloves.
  2800 | D:2      | 2800 ||| READING 2 scrolls labelled LOLOWA UNKEEC.
  2801 | D:2      | 2801 ||| READING scroll labelled XIYMECV TYRO.
  2859 | D:2      | 2859 ||| READING 2 scrolls labelled PAW ORRAOPS.
  2860 | D:2      | 2860 ||| READING scroll of enchant weapon.
  2860 | D:2      | 2860 ||| ENCHANTING +1 hand axe.
  2861 | D:2      | 2861 ||| READING scroll labelled QYALAWN NIRENK.
  2862 | D:2      | 2862 ||| DRINKING 2 fuming coppery potions.
  2862 | D:2      | Gained mutation: Your body sometimes deteriorates upon
                  | taking damage. [potion of mutation]
  2993 | D:3      | 2993 ||| Stepping ~*~*~tactically~*~*~ (stealth).
  2994 | D:3      | 2994 ||| Stepping ~*~*~tactically~*~*~ (stealth).
  3025 | D:3      | 3025 ||| DROPPING +0 whip.
  3514 | D:3      | Reached skill level 5 in Axes
  3647 | D:3      | 3647 ||| READING scroll of enchant weapon.
  3647 | D:3      | 3647 ||| ENCHANTING +2 hand axe.
  3668 | D:3      | 3668 ||| Stepping ~*~*~tactically~*~*~ (stealth).
  3674 | D:3      | Noticed Natasha
  3675 | D:3      | Gained mutation: Your magical nature lets you fly swiftly
                  | and evasively. [Tengu growth]
  3675 | D:3      | Reached XP level 5. HP: 30/30 MP: 9/9
  3685 | D:3      | Killed Natasha
  3774 | D:3      | Noticed Natasha
  3780 | D:3      | Killed Natasha
  3800 | D:3      | 3800 ||| UPGRADING to +0 buckler.
  3899 | D:4      | Reached skill level 1 in Shields
  3998 | D:4      | Noticed an ogre
  4006 | D:4      | Killed an ogre
  4007 | D:4      | Reached skill level 6 in Axes
  4007 | D:4      | Reached XP level 6. HP: 11/35 MP: 10/10
  4032 | D:4      | 4032 ||| FLEEEEING.
  4038 | D:4      | 4038 ||| Stepping ~*~*~tactically~*~*~ (hiding).
  4050 | D:4      | Killed from afar by an orc priest

Levels and vault maps discovered:
D:1:      amcnicky_arrival_blooded_trapdoor, layout_basic,
          shapermc_ecumenical_altar_starsandcircs
D:2:      layout_loops_corners, uniq_crazy_yiuf_cottage, uniq_jessica
D:3:      layout_loops_cross, uniq_natasha
D:4:      nicolae_BIG_FREAKIN_CUBE, layout_gridville,
          minmay_misc_feat_diagonals, nicolae_grassy_gnolls

Skill      XL: |  1  2  3  4  5 |
---------------+----------------+-----
Axes           | 3 4 5 6 |  6.5
Armour         | 2 |  2.0
Shields        | 1 |  1.3
Fighting       | |  2.0
Throwing       | |  1.0
Dodging        | |  2.1
Spellcasting   | |  2.0
Translocations | |  2.4

Action                   |  1- 3 |  4- 6 || total
-------------------------+-------+-------++-------
Melee: Hand axe          |    68 |    82 ||   150
       Kick              |    14 |    15 ||    29
       Peck              |     7 |    14 ||    21
       Punch             |     3 |       ||     3
Throw: Boomerang         |    13 |       ||    13
  Use: Scroll            |     2 |     6 ||     8
       Potion            |       |     1 ||     1
Armor: Leather armour    |    16 |       ||    16
       Scale mail        |     6 |     1 ||     7
       Plate armour      |       |    52 ||    52
Dodge: Dodged            |    32 |    18 ||    50
Block: Buckler           |       |     2 ||     2

Table legend:
 A = Non-vault XP
 B = Vault XP
 C = Vault XP percentage of total XP
 D = Non-vault monster count
 E = Vault monster count
 F = Vault count percentage of total count
                 A         B        C        D         E       F
            +---------+---------+-------+---------+---------+-------
      Total |     337 |      73 |  17.8 |      54 |       2 |   3.6
            +---------+---------+-------+---------+---------+-------
        D:1 |      28 |       0 |   0.0 |      19 |       0 |   0.0
        D:2 |      34 |      37 |  52.1 |      10 |       1 |   9.1
        D:3 |     108 |      36 |  25.0 |      22 |       1 |   4.3
        D:4 |     167 |       0 |   0.0 |       3 |       0 |   0.0
            +---------+---------+-------+---------+---------+-------
